 Dungeon Crawl Stone Soup version 0.19-a0-1933-g052ff51 (webtiles) character file.

354 Leibowitz the Poker (level 6, 0/75 HPs)
             Began as a Demigod Gladiator on Oct 26, 2016.
             Succumbed to an adder's poison
             ... on level 4 of the Dungeon.
             The game lasted 00:10:08 (3866 turns).

Leibowitz the Poker (Demigod Gladiator)             Turns: 3866, Time: 00:10:08

Health: 0/75       AC:  4    Str: 25    XL:     6   Next: 12%
Magic:  8/8        EV: 14    Int: 12    God:
Gold:   170        SH:  0    Dex: 18    Spells: 0 memorised, 5 levels left

rFire  . . .     SeeInvis .     a - +0 trident
rCold  . . .     Gourm    .     n - +0 leather armour
rNeg   . . .     Faith    .     (no shield)
rPois  .         Spirit   .     c - +0 helmet
rElec  .         Reflect  .     (no cloak)
rCorr  .         Harm     .     (no gloves)
MR     .....                    (no boots)
Stlth  ..........               (no amulet)
                                (no ring)
                                (no ring)

@: berserking, lethally poisoned (0 -> -6), very quick
A: high mp 1
a: no special abilities


You were on level 4 of the Dungeon.
You were not hungry.

You visited 1 branch of the dungeon, and saw 5 of its levels.

You collected 170 gold pieces.

Inventory:

Hand Weapons
 a - a +0 trident (weapon)
Missiles
 d - a throwing net (quivered)
 e - 34 poisoned needles
Armour
 c - a +0 helmet (worn)
 n - a +0 leather armour (worn)
Jewellery
 l - an uncursed ring of teleportation
Scrolls
 h - 2 scrolls of remove curse
 j - 3 scrolls of amnesia {unknown}
 q - a scroll of enchant weapon {unknown}
Potions
 o - a potion of cancellation {unknown}
 r - a potion of curing {unknown}
Books
 b - a book of Minor Magic

   Spells                             Type                      Level
   a - Magic Dart                     Conjuration                  1
   b - Blink                          Translocation                2
   c - Call Imp                       Summoning                    2
   d - Repel Missiles                 Charms/Air                   2
   e - Slow                           Hexes                        2
   f - Conjure Flame                  Conjuration/Fire             3
   g - Mephitic Cloud                 Conjuration/Poison/Air       3
Comestibles
 f - 4 bread rations
 m - 2 meat rations
 p - 2 beef jerkies


   Skills:
 + Level 2.6 Fighting
 + Level 4.6 Polearms
 + Level 1.9 Throwing
 + Level 2.2 Armour
 + Level 3.9 Dodging
 + Level 0.8 Stealth


You had 5 spell levels left.
You didn't know any spells.

Dungeon Overview and Level Annotations

Branches:
Dungeon (5/15)
 Temple: D:4-7


Innate Abilities, Weirdness & Mutations

You have an increased reservoir of magic. (+10% MP)


Message History

The adder poisons you! The adder bites you.
* * * LOW HITPOINT WARNING * * *
You closely miss the adder.
The adder is heavily wounded.
* * * LOW HITPOINT WARNING * * *
You feel sick. The adder barely misses you.
You barely miss the adder.
The adder is heavily wounded.
The adder bites you but does no damage.
You barely miss the adder.
The adder is heavily wounded.
* * * LOW HITPOINT WARNING * * *
You feel sick. The adder barely misses you. The adder bites you.
* * * LOW HITPOINT WARNING * * *
You are more poisoned.
The adder poisons you!
It was a potion of berserk rage.
A red film seems to cover your vision as you go berserk!
You feel yourself moving faster!
You feel mighty!
You die...

#.# #.#...#.# #....#...# # #.#
#.#...#.# #.##.#.### # ..#
#.......# #.##...##
##########...### #.#####.##
#.......#...###### #.# ##...##
#..####....#.....###.###.....###
#..#......##...........<.....<..
#.........##....S....##........#
#..........#.>.@...#.##.#...####
###...###..........#.##.##.##
#....##..##.#<#..#.##.####
#....##..###.##....)..#
#.##.##..######.......#
#...........# #.##.##.#
####........# #....##.#
#........# #....##.#
######........# #....##.#


You could see an adder.

Vanquished Creatures
  A howler monkey (D:5)
  An orc priest (D:5)
  An orc wizard (D:5)
  A centaur skeleton (D:4)
  A worker ant (D:4)
  An iguana (D:4)
  A hound skeleton (D:4)
  7 adders
  A shadow imp (D:5)
  An adder skeleton (D:5)
  4 worms
  A dart slug (D:1)
  A leopard gecko (D:2)
  8 orcs
  5 bats
  5 giant cockroaches
  7 goblins
  5 hobgoblins
  2 jackals (D:4)
  8 kobolds
  2 quokkas
  2 ball pythons
  4 frilled lizards
  A quokka skeleton (D:4)
  13 rats
84 creatures vanquished.

Notes
Turn   | Place    | Note
-------+----------+-------------------------------------------
     0 | D:1      | Leibowitz the Demigod Gladiator began the quest for the Orb.
     0 | D:1      | Reached XP level 1. HP: 17/17 MP: 3/3
   182 | D:1      | Reached XP level 2. HP: 20/24 MP: 4/4
   303 | D:1      | Reached skill level 3 in Polearms
   344 | D:1      | You fall through a shaft!
   478 | D:1      | Reached XP level 3. HP: 28/29 MP: 5/5
  1417 | D:3      | Reached skill level 1 in Armour
  1439 | D:3      | Reached XP level 4. HP: 17/37 MP: 6/6
  2092 | D:4      | Reached skill level 4 in Polearms
  2401 | D:4      | Reached XP level 5. HP: 35/42 MP: 7/7
  2986 | D:5      | Entered Level 5 of the Dungeon
  3271 | D:5      | Reached XP level 6. HP: 11/50 MP: 8/8
  3271 | D:5      | HP: 2/50 [orc/trident (9)]
  3865 | D:4      | HP: 1/50 [adder (3)]
  3866 | D:4      | Succumbed to an adder's poison

Vault maps used:
D:1:      minmay_arrival_stone_box
D:3:      first_bread
D:5:      grunt_ministairs_7, cheibriados_altar_wand_db

Skill      XL: |  1  2  3  4  5 |
---------------+----------------+-----
Fighting       | 2 |  2.6
Dodging        | 3 |  3.9
Polearms       | 3 4 |  4.6
Armour         | 1 2 |  2.2
Throwing       | |  1.9
Stealth        | |  0.8

Action                   |  1- 3 |  4- 6 || total
-------------------------+-------+-------++-------
Melee: Trident           |   145 |   206 ||   351
Throw: Throwing net      |     1 |     3 ||     4
  Use: Scroll            |     4 |     1 ||     5
       Potion            |       |     4 ||     4
 Stab: Sleeping          |     4 |     1 ||     5
  Eat: Chunk             |       |    10 ||    10
Armor: Leather armour    |    40 |    34 ||    74
Dodge: Dodged            |   119 |   130 ||   249
